 Dungeon Sprint DCSS version 0.30.1-11-g7821555f0a (webtiles) character file.

Game seed: 12474882432478401809

28731 Groucho the Peltast (level 13, -7/115 HPs)
             Began as a Gnoll Fighter on Nov 8, 2023.
             Was a High Priest of Uskayaw.
             Mangled by a ghost moth (13 damage)
             ... called by a spriggan druid
             ... in the Dungeon (Sprint IX: "|||||||||||||||||||||||||||||").
             The game lasted 00:16:08 (7897 turns).

Groucho the Peltast (Gnoll Fighter)                 Turns: 7897, Time: 00:16:09

Health: -7/115     AC: 24    Str: 20 (21) XL:     13   Next: 40%
Magic:  30/30      EV: 11    Int: 14 (15) God:    Uskayaw [*****.]
Gold:   957        SH: 13    Dex: 15      Spells: 39/39 levels left

rFire   + . .        o - +2 rapier of the Eternal Warrior {flame, rN+}
rCold   + . .        u - +0 kite shield
rNeg    + + .        L - +2 plate armour
rPois   .            a - +0 helmet
rElec   .            c - scarf of Experimentation {rC+ rF+, rN+ Int+5 Slay+2}
rCorr   .            K - +1 pair of gloves
SInv    .            j - +0 pair of boots of Undesirable Species {Regen+ Stlth+}
Will    .....        D - amulet of regeneration
Stlth   ++           b - +3 ring of strength
HPRegen 1.99/turn    t - +3 ring of strength
MPRegen 0.22/turn

%: no teleportation
@: invisible
A: fangs 1, strong nose, distributed training
a: Renounce Religion, Stomp, Line Pass, Grand Finale


You were in the Dungeon.
You worshipped Uskayaw.
Uskayaw was pleased with you.
You visited 1 branch You collected 1906 gold pieces.
You spent 949 gold pieces at shops.

Inventory:

Hand Weapons
 n - a +2 morningstar of protection
 o - the +2 rapier of the Eternal Warrior (weapon) {flame, rN+}
   (You found it in the Dungeon)

   rN:        It protects you from negative energy.
 q - a +3 vampiric war axe
 B - a +3 scimitar of flaming
 H - a +1 demon blade
 I - a +3 quick blade
 J - the +13 scythe of Curses {drain, curses, Drain}
   (You found it in the Dungeon)

   Drain:     It drains your maximum health when unequipped.
Missiles
 i - 3 boomerangs (quivered)
 y - 4 poisoned darts
 C - 4 silver javelins
Armour
 a - a +0 helmet (worn)
 c - the scarf of Experimentation (worn) {rC+ rF+, rN+ Int+5 Slay+2}
   (You bought it in a shop in the Dungeon)

   Int:       It affects your intelligence (+5).
   Slay:      It affects your accuracy & damage with ranged weapons and melee
   (+2).
   rN:        It protects you from negative energy.
 j - the +0 pair of boots of Undesirable Species (worn) {Regen+ Stlth+}
   (You bought it in a shop in the Dungeon)

   Regen:     It increases your rate of health regeneration.
   Stlth:     It makes you more stealthy.
 u - a +0 kite shield (worn)
 K - a +1 pair of gloves (worn)
 L - a +2 plate armour (worn)
 O - a +2 scale mail of cold resistance
Jewellery
 b - a +3 ring of strength (left hand)
 r - a ring of magical power
 t - a +3 ring of strength (right hand)
 D - an amulet of regeneration (around neck)
 E - a ring of protection from fire
 F - a ring of ice
 G - a ring of fire
Wands
 m - a wand of acid (10)
Scrolls
 l - 2 scrolls of amnesia
 s - 2 scrolls of fear
 v - 4 scrolls of enchant weapon
 w - 4 scrolls of enchant armour
 x - 2 scrolls of fog
 z - a scroll of identify
Potions
 d - 4 potions of might
 e - 3 potions of curing
 f - 3 potions of berserk rage
 g - a potion of haste
 h - 4 potions of magic
 A - 3 potions of heal wounds


   Skills:
 + Level 15.0 Fighting
 + Level 13.6 Short Blades
 + Level 14.3 Long Blades
 + Level 13.6 Axes
 + Level 13.6 Maces & Flails
 + Level 13.6 Polearms
 + Level 13.6 Staves
 + Level 13.6 Ranged Weapons
 + Level 13.6 Throwing
 + Level 15.0 Armour
 + Level 13.6 Dodging
 + Level 13.6 Stealth
 + Level 15.0 Shields
 + Level 13.6 Unarmed Combat
 + Level 13.6 Spellcasting
 + Level 11.6 Conjurations
 + Level 11.6 Hexes
 + Level 11.6 Summonings
 + Level 11.6 Necromancy
 + Level 11.6 Translocations
 + Level 11.6 Transmutations
 + Level 11.6 Fire Magic
 + Level 11.6 Ice Magic
 + Level 11.6 Air Magic
 + Level 11.6 Earth Magic
 + Level 11.6 Poison Magic
 + Level 14.8 Invocations
 + Level 13.6 Evocations


You had 39 spell levels left.
You didn't know any spells.
Your spell library was empty.

Dungeon Overview and Level Annotations

Branches:
Dungeon (1/1)

Altars:
Cheibriados
Dithmenos
Elyvilon
Fedhas
Gozag
Hepliaklqana
Kikubaaqudgha
Makhleb
Nemelex Xobeh
Okawaru
Qazlal
Ru
Sif Muna
Trog
Uskayaw
Vehumet
Wu Jian
Xom
Yredelemnul
Zin
The Shining One
Jiyva
Lugonu

Shops:
D [**[


Innate Abilities, Weirdness & Mutations

You have very sharp teeth.
Your uncanny sense of smell can sniff out nearby items.
Your experience applies equally to all skills.


Message History

You closely miss the bunyip.
The bunyip is heavily wounded.
You closely miss the bunyip.
The bunyip is heavily wounded.
Unknown command.
You strike the helpless bunyip from behind!
You stick the bunyip like a pincushion!!!
You burn the bunyip!
You kill the bunyip!
Your Fighting skill increases to level 15!
Your Armour skill increases to level 15!
Your Shields skill increases to level 15!
Unknown command.
Unknown command.
You puncture the alligator! You burn the alligator.
The alligator is almost dead.
A sea snake comes into view.
Something hits you.
* * * LOW HITPOINT WARNING * * *
You feel weakened.
Deactivating autopickup; reactivate with Ctrl-A.
Something hits you!
* * * LOW HITPOINT WARNING * * *
You feel dopey.
Something stings you but does no damage.
The spriggan druid calls out to the beasts of the wild!
Unknown command.
Unknown command.
You completely miss the alligator.
The alligator is almost dead.
You strike the helpless alligator from behind!
You stick the alligator like a pincushion!!!
You burn the alligator.
You kill the alligator!
Something hits you!
* * * LOW HITPOINT WARNING * * *
Something hits you!
* * * LOW HITPOINT WARNING * * *
Something stings you!
You die...

♣.♣.▓)▓.▓)▓.▓.▓.▓_
♣.♣.▓.▓.▓)▓.▓.▓.▓'
♣'♣.▓.▓.▓)▓.▓[▓.▓.
▓.▓.▓)▓.▓)▓.▓|▓.▓.
▓.▓.▓.▓.▓'▓.▓!▓.▓.
▓i▓.▓.▓.▓.▓.▓.▓.▓.
▓i▓.▓.▓.▓.▓.▓!▓.▓)
▓.▓.▓.▓.▓.▓.▓.▓.▓)
▓@▓.▓'▓.▓.▓)▓.▓.▓.
▓.▓.▓.▓.▓.▓.▓.▓.▓.
▓.▓.▓.▓)▓.▓.▓'▓.▓.
▓.▓.▓.▓.▓.▓.▓.▓.▓.
▓.▓.▓.▓.▓.▓.▓.▓.▓)
▓D▓.▓.▓.▓.▓.▓.▓.▓)
▓S▓.▓.▓.▓.▓.▓.▓.▓.
▓.▓.▓.▓.▓.▓.▓.▓.▓.
▓.▓.▓.▓.▓.▓.▓.▓.▓.


You could see a swamp dragon (wandering, unable to see you), a sea snake
(wandering, unable to see you) and 2 spriggan druids.

Vanquished Creatures
  Rupert (D)
  A sphinx (D)
  A fenstrider witch (D)
  A frost giant (D)
  3 stone giants (D)
  A bunyip (D)
  Snorg (D)
  2 hydras (D)
  2 ice dragons (D)
  A two-headed ogre (D)
  An alligator (D)
  A centaur warrior (D)
  3 orc high priests (D)
  Urug (D)
  A goliath frog (D)
  A spriggan druid (D)
  A swamp dragon (D)
  6 orc knights (D)
  5 orc sorcerers (D)
  2 manticores (D)
  2 cyclopes (D)
  An ugly thing (D)
  9 cane toads (D)
  3 komodo dragons (D)
  An efreet (D)
  4 polar bears (D)
  A wyvern (D)
  3 yaks (D)
  A vampire mosquito (D)
  A water moccasin (D)
  5 black bears (D)
  12 orc warriors (D)
  A boggart (D)
  An ogre (D)
  2 centaurs (D)
  A gnoll sergeant (D)
  2 howler monkeys (D)
  3 orc priests (D)
  6 orc wizards (D)
  An adder (D)
  A dart slug (D)
  8 orcs (D)
  An endoplasm (D)
  A bat (D)
  A frilled lizard (D)
  2 kobolds (D)
110 creatures vanquished.

Notes
Turn   | Place    | Note
-------+----------+-------------------------------------------
     0 | D        | Groucho the Gnoll Fighter began the quest for the Orb.
     0 | D        | Reached XP level 1. HP: 23/23 MP: 1/1
    18 | D        | Reached skill level 1 in Invocations
   200 | D        | Noticed an ogre
   200 | D        | Noticed a howler monkey
   207 | D        | Reached skill level 1 in Short Blades
   207 | D        | Reached skill level 1 in Axes
   207 | D        | Reached skill level 1 in Maces & Flails
   207 | D        | Reached skill level 1 in Polearms
   207 | D        | Reached skill level 1 in Staves
   207 | D        | Reached skill level 1 in Ranged Weapons
   207 | D        | Reached skill level 1 in Throwing
   207 | D        | Reached skill level 1 in Dodging
   207 | D        | Reached skill level 1 in Stealth
   207 | D        | Reached skill level 1 in Unarmed Combat
   207 | D        | Reached skill level 1 in Spellcasting
   207 | D        | Reached skill level 1 in Conjurations
   207 | D        | Reached skill level 1 in Hexes
   207 | D        | Reached skill level 1 in Summonings
   207 | D        | Reached skill level 1 in Necromancy
   207 | D        | Reached skill level 1 in Translocations
   207 | D        | Reached skill level 1 in Transmutations
   207 | D        | Reached skill level 1 in Fire Magic
   207 | D        | Reached skill level 1 in Ice Magic
   207 | D        | Reached skill level 1 in Air Magic
   207 | D        | Reached skill level 1 in Earth Magic
   207 | D        | Reached skill level 1 in Poison Magic
   207 | D        | Reached skill level 1 in Evocations
   207 | D        | Reached XP level 2. HP: 28/29 MP: 4/4
   213 | D        | Killed a howler monkey
   214 | D        | Reached skill level 5 in Long Blades
   214 | D        | Reached XP level 3. HP: 19/36 MP: 4/6
   217 | D        | Killed an ogre
   218 | D        | Reached XP level 4. HP: 11/43 MP: 5/9
   218 | D        | Reached XP level 5. HP: 12/48 MP: 5/10
   836 | D        | Found a snail-covered altar of Cheibriados.
   836 | D        | Found a shadowy altar of Dithmenos.
   836 | D        | Found a white marble altar of Elyvilon.
   836 | D        | Found a blossoming altar of Fedhas.
   836 | D        | Found an opulent altar of Gozag.
   837 | D        | Found a hazy altar of Hepliaklqana.
   838 | D        | Found a viscous altar of Jiyva.
   839 | D        | Found an ancient bone altar of Kikubaaqudgha.
   840 | D        | Found a corrupted altar of Lugonu.
   841 | D        | Found a burning altar of Makhleb.
   842 | D        | Found a sparkling altar of Nemelex Xobeh.
   843 | D        | Found an iron altar of Okawaru.
   844 | D        | Found a stormy altar of Qazlal.
   845 | D        | Found a sacrificial altar of Ru.
   846 | D        | Found a shimmering blue altar of Sif Muna.
   847 | D        | Found a bloodstained altar of Trog.
   848 | D        | Found a hide-covered altar of Uskayaw.
   849 | D        | Found a radiant altar of Vehumet.
   850 | D        | Found an ornate altar of the Wu Jian Council.
   851 | D        | Found a shimmering altar of Xom.
   852 | D        | Found a basalt altar of Yredelemnul.
   855 | D        | Found a glowing silver altar of Zin.
   856 | D        | Found a glowing golden altar of the Shining One.
   858 | D        | Became a worshipper of Uskayaw the Reveller
   873 | D        | Got the +2 rapier of the Eternal Warrior {flame, rN+}
   910 | D        | Noticed a two-headed ogre
   910 | D        | Noticed an orc warrior
   910 | D        | Noticed an orc warrior
   910 | D        | Noticed a centaur
   911 | D        | Reached * piety under Uskayaw
   912 | D        | Killed a centaur
   912 | D        | Reached ** piety under Uskayaw
   914 | D        | Reached XP level 6. HP: 54/56 MP: 10/12
   915 | D        | Reached *** piety under Uskayaw
   916 | D        | Killed an orc warrior
   916 | D        | Reached **** piety under Uskayaw
   917 | D        | Reached skill level 5 in Invocations
   920 | D        | Reached ***** piety under Uskayaw
   922 | D        | Killed a two-headed ogre
   923 | D        | Reached skill level 5 in Conjurations
   923 | D        | Reached skill level 5 in Hexes
   923 | D        | Reached skill level 5 in Summonings
   923 | D        | Reached skill level 5 in Necromancy
   923 | D        | Reached skill level 5 in Translocations
   923 | D        | Reached skill level 5 in Transmutations
   923 | D        | Reached skill level 5 in Fire Magic
   923 | D        | Reached skill level 5 in Ice Magic
   923 | D        | Reached skill level 5 in Air Magic
   923 | D        | Reached skill level 5 in Earth Magic
   923 | D        | Reached skill level 5 in Poison Magic
   923 | D        | Reached XP level 7. HP: 35/64 MP: 11/16
   923 | D        | Reached XP level 8. HP: 39/71 MP: 11/17
  1672 | D        | Noticed a cyclops
  1672 | D        | Noticed a boulder beetle
  1672 | D        | Noticed a centaur warrior
  1696 | D        | Killed a centaur warrior
  1697 | D        | Reached skill level 10 in Fighting
  1697 | D        | Reached skill level 10 in Armour
  1697 | D        | Reached skill level 10 in Shields
  1697 | D        | Reached XP level 9. HP: 37/78 MP: 18/20
  1698 | D        | Killed a cyclops
  2187 | D        | HP: 3/79 [boulder beetle (12)]
  2713 | D        | Noticed a cane toad
  2713 | D        | Noticed a cane toad
  2713 | D        | Noticed a cane toad
  2713 | D        | Noticed a cane toad
  2713 | D        | Noticed a cane toad
  2717 | D        | Noticed a polar bear
  2728 | D        | Killed a cane toad
  2728 | D        | Noticed a cane toad
  2738 | D        | Killed a cane toad
  2742 | D        | Reached ****** piety under Uskayaw
  2743 | D        | Killed a cane toad
  2752 | D        | Killed a cane toad
  2753 | D        | Reached XP level 10. HP: 12/86 MP: 14/22
  2754 | D        | Killed a cane toad
  2755 | D        | Reached skill level 10 in Long Blades
  2756 | D        | Killed a cane toad
  2757 | D        | Reached skill level 10 in Invocations
  3227 | D        | Noticed a cane toad
  3227 | D        | Noticed a cane toad
  3243 | D        | Noticed a cane toad
  3263 | D        | Killed a cane toad
  3269 | D        | Killed a cane toad
  3270 | D        | Killed a cane toad
  3646 | D        | Reached skill level 10 in Short Blades
  3646 | D        | Reached skill level 10 in Axes
  3646 | D        | Reached skill level 10 in Maces & Flails
  3646 | D        | Reached skill level 10 in Polearms
  3646 | D        | Reached skill level 10 in Staves
  3646 | D        | Reached skill level 10 in Ranged Weapons
  3646 | D        | Reached skill level 10 in Throwing
  3646 | D        | Reached skill level 10 in Dodging
  3646 | D        | Reached skill level 10 in Stealth
  3646 | D        | Reached skill level 10 in Unarmed Combat
  3646 | D        | Reached skill level 10 in Spellcasting
  3646 | D        | Reached skill level 10 in Evocations
  3646 | D        | Reached XP level 11. HP: 95/95 MP: 23/25
  4392 | D        | Noticed an orc knight
  4414 | D        | Killed an orc knight
  4416 | D        | Noticed an orc sorcerer
  4420 | D        | Noticed an orc knight
  4461 | D        | Killed an orc sorcerer
  4483 | D        | Killed an orc knight
  4841 | D        | Found Ylaphod's Antique Armour Boutique.
  4841 | D        | Noticed an orc knight
  4841 | D        | Noticed an orc high priest
  4841 | D        | Noticed an orc sorcerer
  4841 | D        | Noticed an orc high priest
  4842 | D        | Noticed an orc sorcerer
  5229 | D        | Killed an orc high priest
  5408 | D        | Noticed a sixfirhy
  5409 | D        | Killed an orc sorcerer
  5427 | D        | Killed an orc high priest
  5562 | D        | Paralysed by an orc sorcerer for 4 turns
  5576 | D        | Killed an orc sorcerer
  5683 | D        | Noticed an orc knight
  5689 | D        | Killed an orc knight
  5696 | D        | Killed an orc knight
  5872 | D        | Noticed an orc high priest
  5890 | D        | Killed an orc high priest
  5891 | D        | Reached XP level 12. HP: 84/105 MP: 23/27
  6172 | D        | Found Weilumusuu's Assorted Antiques.
  6176 | D        | Found Plog's Assorted Antiques.
  6180 | D        | Found Ikee's Antique Armour Shop.
  6183 | D        | Bought a distressingly furry scarf for 280 gold pieces
  6183 | D        | Identified the scarf of Experimentation {rC+ rF+, rN+ Int+5
                  | Slay+2} (You bought it in a shop in the Dungeon)
  6183 | D        | Bought a pair of twisted boots for 266 gold pieces
  6183 | D        | Identified the +0 pair of boots of Undesirable Species
                  | {Regen+ Stlth+} (You bought it in a shop in the Dungeon)
  6203 | D        | Bought a bone ring for 90 gold pieces
  6203 | D        | Bought a potion of heal wounds for 90 gold pieces
  6203 | D        | Bought a potion of berserk rage for 90 gold pieces
  6249 | D        | Bought a glowing ring mail for 133 gold pieces
  6338 | D        | Noticed Urug
  6353 | D        | Killed Urug
  6354 | D        | Reached skill level 10 in Conjurations
  6354 | D        | Reached skill level 10 in Hexes
  6354 | D        | Reached skill level 10 in Summonings
  6354 | D        | Reached skill level 10 in Necromancy
  6354 | D        | Reached skill level 10 in Translocations
  6354 | D        | Reached skill level 10 in Transmutations
  6354 | D        | Reached skill level 10 in Fire Magic
  6354 | D        | Reached skill level 10 in Ice Magic
  6354 | D        | Reached skill level 10 in Air Magic
  6354 | D        | Reached skill level 10 in Earth Magic
  6354 | D        | Reached skill level 10 in Poison Magic
  6706 | D        | Found the +13 scythe of Curses {drain, curses, Drain}
  6837 | D        | Noticed a four-headed hydra
  6845 | D        | Noticed an ice dragon
  6845 | D        | Noticed a stone giant
  6845 | D        | Noticed a sphinx
  6845 | D        | Noticed a stone giant
  6845 | D        | Noticed an ice dragon
  6845 | D        | Noticed a frost giant
  6847 | D        | Killed a six-headed hydra
  6863 | D        | Killed a frost giant
  6865 | D        | Noticed a stone giant
  6876 | D        | Killed a sphinx
  6882 | D        | Killed a stone giant
  6886 | D        | Killed a stone giant
  6889 | D        | Killed an ice dragon
  6891 | D        | Killed a stone giant
  6892 | D        | Reached XP level 13. HP: 62/114 MP: 12/29
  6894 | D        | Killed an ice dragon
  7267 | D        | Noticed Rupert
  7268 | D        | Noticed Snorg
  7291 | D        | Killed Snorg
  7303 | D        | Killed Rupert
  7854 | D        | Noticed a fenstrider witch
  7854 | D        | Noticed a bunyip
  7886 | D        | Killed a fenstrider witch
  7894 | D        | Killed a bunyip
  7895 | D        | Reached skill level 15 in Fighting
  7895 | D        | Reached skill level 15 in Armour
  7895 | D        | Reached skill level 15 in Shields
  7897 | D        | Mangled by a ghost moth

Illustrated notes

Levels and vault maps discovered:
D:        linesprint [early_d, line_temple, items_1, d_10, items_2, lair_1,
          lair_end, items_3, orc_1, orc_end, items_4, d_15, swamp_1, shoals_1,
          snake_1, spider_1, d_20, vaults_1, items_5, swamp_end, shoals_end,
          snake_end, spider_end, vaults_end, d_27, items_6, zot_1, zot_end,
          crypt_end, forest_end, elf_end, slime_end, tomb_end, abyss_end,
          pan_hell_end]

Skill      XL: |  1  2  3  4  5  6  7  8  9 10 11 12 13 |
---------------+----------------------------------------+-----
Invocations    | 1 2 3 4 7 8 9 10 12 14 | 14.8
Short Blades   | 1 2 3 4 6 7 8 10 11 12 13 | 13.6
Axes           | 1 2 3 4 6 7 8 10 11 12 13 | 13.6
Maces & Flails | 1 2 3 4 6 7 8 10 11 12 13 | 13.6
Polearms       | 1 2 3 4 6 7 8 10 11 12 13 | 13.6
Staves         | 1 2 3 4 6 7 8 10 11 12 13 | 13.6
Ranged Weapons | 1 2 3 4 6 7 8 10 11 12 13 | 13.6
Throwing       | 1 2 3 4 6 7 8 10 11 12 13 | 13.6
Dodging        | 1 2 3 4 6 7 8 10 11 12 13 | 13.6
Stealth        | 1 2 3 4 6 7 8 10 11 12 13 | 13.6
Unarmed Combat | 1 2 3 4 6 7 8 10 11 12 13 | 13.6
Spellcasting   | 1 2 3 4 6 7 8 10 11 12 13 | 13.6
Conjurations   | 1 2 3 5 6 7 8 9 11 | 11.6
Hexes          | 1 2 3 5 6 7 8 9 11 | 11.6
Summonings     | 1 2 3 5 6 7 8 9 11 | 11.6
Necromancy     | 1 2 3 5 6 7 8 9 11 | 11.6
Translocations | 1 2 3 5 6 7 8 9 11 | 11.6
Transmutations | 1 2 3 5 6 7 8 9 11 | 11.6
Fire Magic     | 1 2 3 5 6 7 8 9 11 | 11.6
Ice Magic      | 1 2 3 5 6 7 8 9 11 | 11.6
Air Magic      | 1 2 3 5 6 7 8 9 11 | 11.6
Earth Magic    | 1 2 3 5 6 7 8 9 11 | 11.6
Poison Magic   | 1 2 3 5 6 7 8 9 11 | 11.6
Evocations     | 1 2 3 4 6 7 8 10 11 12 13 | 13.6
Fighting       | 7 9 10 11 13 14 15 | 15.0
Long Blades    | 5 6 7 8 9 11 12 13 14 | 14.3
Armour         | 7 9 10 11 13 14 15 | 15.0
Shields        | 7 9 10 11 13 14 15 | 15.0

Action                     |  1- 3 |  4- 6 |  7- 9 | 10-12 | 13-15 || total
---------------------------+-------+-------+-------+-------+-------++-------
  Melee: Long sword        |    29 |     2 |       |       |       ||    31
         Bite              |     4 |       |    15 |    57 |     5 ||    81
         Scimitar          |       |    11 |       |       |       ||    11
         Rapier            |       |       |    72 |       |    12 ||    84
         War axe           |       |       |    26 |   351 |    43 ||   420
 Invoke: Line Pass         |       |       |     6 |    17 |     5 ||    28
         Grand Finale      |       |       |       |     1 |       ||     1
    Use: Potion            |     1 |       |     5 |     4 |     3 ||    13
         Scroll            |       |       |     1 |     1 |       ||     2
   Stab: Paralysed         |       |     2 |     5 |    28 |     2 ||    37
         Confused          |       |       |     5 |    14 |     2 ||    21
         Sleeping          |       |       |       |     1 |       ||     1
         Invisible         |       |       |       |       |     7 ||     7
 Armour: Scale mail        |     7 |       |       |       |       ||     7
         Chain mail        |       |     6 |    34 |    74 |       ||   114
         Plate armour      |       |       |       |    15 |    24 ||    39
  Dodge: Dodged            |    12 |     7 |    26 |   121 |    31 ||   197
  Block: Buckler           |     4 |     4 |     4 |       |       ||    12
         Kite shield       |       |       |    43 |   166 |    42 ||   251
